 Dungeon Crawl Stone Soup version 0.26.1 (webtiles) character file.

Game seed: 17511423448732488284

3707 rel the Covert (level 10, -1/64 HPs)
             Began as a Kobold Berserker on Feb 7, 2021.
             Was an Elder of Trog.
             Slain by a red ugly thing (15 damage)
             ... on level 8 of the Dungeon on Feb 8, 2021.
             The game lasted 00:36:50 (11342 turns).

rel the Covert (Kobold Berserker)                  Turns: 11342, Time: 00:36:51

Health: -1/64      AC: 10    Str: 16    XL:     10   Next: 36%
Magic:  10/10      EV: 12    Int: 16    God:    Trog [****..]
Gold:   147        SH:  5    Dex: 15    Spells: 9/9 levels left

rFire    . . .     SeeInvis +   p - +7 dagger "Adeicudu" {flame, rElec Stlth+}
rCold    . . .     Faith    .   b - +0 buckler
rNeg     . . .     Spirit   .   n - +2 chain mail {rPois}
rPois    +         Reflect  .   (no helmet)
rElec    +         Harm     .   (no cloak)
rCorr    .         Rampage  .   (no gloves)
Will     .....                  (no boots)
Stlth    ++++......             (no amulet)
HPRegen  0.20/turn              q - +6 ring of intelligence
MPRegen  0.12/turn              h - ring of see invisible

@: weak-willed
A: small, nightstalker 3
a: Renounce Religion, Berserk, Trog's Hand, Brothers in Arms


You were on level 8 of the Dungeon.
You worshipped Trog.
Trog was greatly pleased with you.
You visited 1 branch of the dungeon, and saw 8 of its levels.

You collected 387 gold pieces.
You spent 240 gold pieces at shops.

Inventory:

Hand Weapons
 a - a +2 short sword
 g - a +2 dagger of holy wrath
 p - the +7 dagger "Adeicudu" (weapon) {flame, rElec Stlth+}
   (You found it on level 7 of the Dungeon)

   It has been specially enchanted to burn those struck by it, causing extra
   injury to most foes and up to half again as much damage against particularly
   susceptible opponents.
   It insulates you from electricity.
   It makes you more stealthy.
Armour
 b - a +0 buckler (worn)
 n - a +2 chain mail of poison resistance (worn)
Jewellery
 f - an uncursed ring of stealth
 h - a ring of see invisible (right hand)
 q - a +6 ring of intelligence (left hand)
Wands
 c - a wand of disintegration (19)
 i - a wand of digging (13)
 m - a wand of polymorph (14)
Scrolls
 l - 5 scrolls of identify
 o - a scroll of enchant weapon
 r - 2 scrolls of remove curse
 t - a scroll of teleportation
Potions
 d - a potion of heal wounds {unknown}
 j - a potion of lignification {unknown}
 k - 3 potions of curing


   Skills:
 * Level 7.8 Fighting
 + Level 9.2 Short Blades
 - Level 1.5 Armour
 * Level 8.4 Dodging
 * Level 11.2 Stealth
 + Level 2.5 Shields


You had 9 spell levels left.
You didn't know any spells.
Your spell library was empty.

Dungeon Overview and Level Annotations

Branches:
Dungeon (8/15)             Temple (0/1) D:6
   Lair: D:8-11

Altars:
Ashenzari
Gozag
Qazlal
Uskayaw

Shops:
D:5 (   D:6 }


Innate Abilities, Weirdness & Mutations

You are small and have problems with some larger weapons.
You are completely attuned to the shadows.


Message History

The red ugly thing is lightly wounded.
You puncture the red ugly thing! You burn the red ugly thing.
The red ugly thing is moderately wounded.
The red ugly thing stings you.
You are engulfed in flames!
You hit the red ugly thing.
The red ugly thing is moderately wounded.
You puncture the red ugly thing!
The red ugly thing is heavily wounded.
The red ugly thing misses you.
You puncture the red ugly thing! You burn the red ugly thing.
The red ugly thing is severely wounded.
The red ugly thing stings you.
You are engulfed in flames!!
You hit the red ugly thing.
The red ugly thing is severely wounded.
You hit the red ugly thing.
The red ugly thing is severely wounded.
The red ugly thing stings you.
* * * LOW HITPOINT WARNING * * *
You are engulfed in flames!
You die...

#...'...'.).# #.....#
#...#...#...####.....#
##'#######'##......>.#
#...#..)#...#........#
#...'[..#...'........#
#...#..(#...#......<.#
##'##########........#
#...#...#...#.....†..#
#...'...@u..####.....#
#...#...#...# #.....#
############# #.....#
.......# ##.....#
......# ......#
####..# ##..##+#


You could see a red ugly thing.

Vanquished Creatures
  The ghost of Lorrdernie the Carver, a novice MiGl of Okawaru (D:7)
  A hornet (D:8)
  Prince Ribbit (D:7)
  A wyvern (D:8)
  An orc warrior (D:7)
  A black bear (D:6)
  2 ice beasts
  An eye of draining (D:8)
  A necrophage (D:7)
  2 ogres
  2 phantoms
  A centaur (D:5)
  2 big kobolds (D:7)
  2 bullfrogs
  A gnoll sergeant (D:6)
  2 scorpions
  A howler monkey (D:6)
  4 wights (D:7)
  2 bullfrog zombies (D:6)
  2 centaur zombies
  5 hounds
  2 orc priests
  5 orc wizards
  A centaur skeleton (D:8)
  Natasha (D:3)
  7 worker ants
  A hound zombie (D:7)
  A mummy (D:7)
  3 gnolls (D:6)
  11 adders
  A howler monkey skeleton (D:7)
  A shadow imp (D:6)
  2 white imps
  An ooze (D:2)
  2 adder skeletons
  A worm (D:4)
  2 dart slugs
  6 leopard geckos
  25 orcs
  11 bats
  5 giant cockroaches
  7 goblins
  5 hobgoblins
  8 jackals
  5 quokkas
  2 frilled lizards
  A goblin skeleton (D:8)
  14 kobolds
  6 rats
173 creatures vanquished.

Notes
Turn   | Place    | Note
-------+----------+-------------------------------------------
     0 | D:1      | rel the Kobold Berserker began the quest for the Orb.
     0 | D:1      | Reached XP level 1. HP: 14/14 MP: 1/1
   208 | D:1      | Reached XP level 2. HP: 13/19 MP: 2/2
   599 | D:1      | Reached skill level 1 in Stealth
  1117 | D:1      | Reached XP level 3. HP: 24/24 MP: 3/3
  1617 | D:2      | Reached ** piety under Trog
  1777 | D:2      | Reached XP level 4. HP: 27/29 MP: 4/4
  2461 | D:2      | Reached skill level 2 in Stealth
  2845 | D:3      | Found a broken altar of Ashenzari.
  2913 | D:3      | Reached XP level 5. HP: 24/34 MP: 5/5
  3274 | D:3      | Reached skill level 5 in Short Blades
  3384 | D:3      | Noticed Natasha
  3394 | D:3      | Killed Natasha
  3492 | D:3      | Reached skill level 3 in Stealth
  3823 | D:4      | Reached XP level 6. HP: 37/39 MP: 6/6
  4075 | D:4      | Reached *** piety under Trog
  4390 | D:4      | Reached skill level 4 in Stealth
  4915 | D:4      | Noticed an ogre
  4923 | D:4      | Reached XP level 7. HP: 40/44 MP: 7/7
  4930 | D:4      | Reached skill level 5 in Fighting
  5039 | D:4      | Reached skill level 5 in Stealth
  5039 | D:4      | Found a hide-covered altar of Uskayaw.
  5357 | D:5      | Entered Level 5 of the Dungeon
  5599 | D:5      | Reached skill level 1 in Shields
  6157 | D:5      | Reached skill level 5 in Dodging
  6157 | D:5      | Reached XP level 8. HP: 31/50 MP: 8/8
  6292 | D:5      | Found Pifinorph's Weapon Boutique.
  7561 | D:6      | Reached skill level 6 in Stealth
  8270 | D:6      | Found Myilie Monu's Gadget Boutique.
  8275 | D:6      | Bought a wand of polymorph (14) for 240 gold pieces
  8473 | D:6      | Found a staircase to the Ecumenical Temple.
  8680 | D:7      | Reached XP level 9. HP: 50/56 MP: 9/9
  8708 | D:7      | Reached **** piety under Trog
  8723 | D:7      | Found a transporter.
  8723 | D:7      | Noticed Lorrdernie's ghost (novice MiGl)
  8838 | D:7      | Found a transporter.
  8884 | D:7      | Noticed Prince Ribbit
  8890 | D:7      | Killed Prince Ribbit
  8891 | D:7      | Reached skill level 7 in Stealth
  8943 | D:7      | Got a bloodstained dagger
  9119 | D:7      | Identified the +7 dagger "Adeicudu" {flame, rElec Stlth+}
                  | (You found it on level 7 of the Dungeon)
 10020 | D:7      | Found a stormy altar of Qazlal.
 10196 | D:7      | Reached skill level 8 in Stealth
 10205 | D:7      | Killed Lorrdernie's ghost
 10206 | D:7      | Reached skill level 9 in Stealth
 10258 | D:7      | Reached XP level 10. HP: 57/63 MP: 10/10
 10301 | D:8      | Found an opulent altar of Gozag.
 10573 | D:8      | Reached skill level 10 in Stealth
 10926 | D:8      | Reached skill level 11 in Stealth
 11329 | D:8      | Noticed a red ugly thing
 11342 | D:8      | Slain by a red ugly thing

Illustrated notes

Levels and vault maps discovered:
D:1:      amcnicky_arrival_underground_garden, layout_basic
D:2:      layout_rooms
D:3:      layout_loops_ring, lemuel_crystal_altar, uniq_natasha
D:4:      layout_loops_ring, eat_drink_and_be_merry_uskayaw, serial_glass,
          glass_columns_a, glass_columns_a, glass_columns_a, glass_columns_a,
          glass_columns_a, glass_columns_a, glass_columns_a, glass_columns_a,
          glass_columns_a, glass_columns_a
D:5:      layout_loops_cross, serial_shops, kennysheep_mini
D:6:      layout_cave_pools, temple_pool_b, serial_shops, nicolae_shop_crystal
D:7:      layout_loops_ring, nicolae_qazlal_general_emergency,
          gammafunk_ghost_mausoleum, dk_noncrumbling_2, serial_park_tiny_1,
          uniq_prince_ribbit1
D:8:      layout_gridville, grunt_gozag_statues, nicolae_tso_besieged_by_evil,
          kennysheep_flooded_box, chequers_serial_rivers_micro_d,
          minmay_evil_grid

Skill      XL: |  1  2  3  4  5  6  7  8  9 10 |
---------------+-------------------------------+-----
Stealth        | 1 2 3 4 5 6 9 11 | 11.2
Fighting       | 4 5 6 7 |  7.8
Dodging        | 3 4 5 6 8 |  8.4
Short Blades   | 5 6 7 8 9 |  9.2
Shields        | 1 2 |  2.5
Armour         | |  1.5

Action                   |  1- 3 |  4- 6 |  7- 9 | 10-12 || total
-------------------------+-------+-------+-------+-------++-------
Melee: Short sword       |   110 |   245 |    99 |       ||   454
       Dagger            |       |       |   224 |    59 ||   283
Invok: Berserk           |       |     2 |    10 |     2 ||    14
       Trog's Hand       |       |     1 |     1 |       ||     2
  Use: Scroll            |     3 |     9 |    11 |     2 ||    25
       Potion            |     2 |       |     6 |     1 ||     9
 Stab: Sleeping          |     4 |    13 |    16 |    10 ||    43
Armor: Animal skin       |    18 |     4 |       |       ||    22
       Ring mail         |       |    62 |    67 |     6 ||   135
Dodge: Dodged            |   124 |   148 |   183 |    17 ||   472
Block: Buckler           |       |    36 |    72 |     5 ||   113
